3AAA
SYLVANIA MAPLE LEAVES @ MILTON BILLS
06/27/2018
 
TOP OF THE 1ST
Sylvania Maple Leaves batting - Pitching for Milton Bills : RHP Paul O'Callahan
Pitching: RHP Paul O'Callahan
Batting: RHB Fernando Díaz 0-0: Swinging Strike
0-1: Ball
1-1: Reached on Error, E8 (Flyball, 8RD)
Batting: RHB Bartolo García 0-0: Ball
1-0: Ground out 5-3 (Groundball, 5S)
Fernando Díaz to third
Batting: RHB Nick McKnight 0-0: Ball
1-0: Swinging Strike
1-1: Swinging Strike
1-2: Strikes out looking
Batting: LHB Iván Gonzáles 0-0: Ball
1-0: Swinging Strike
1-1: Ball
2-1: Foul Ball, location: 2F
2-2: Foul Ball, location: 2F
2-2: Foul Ball, location: 2F
2-2: Ball
3-2: Foul Ball, location: 2F
3-2: 2-RUN HOME RUN (Flyball, 9LD), Distance : 352 ft
Batting: RHB Ingo van Ham 0-0: Fly out, F9 (Flyball, 89D)
Top of the 1st over - 2 run(s), 1 hit(s), 1 error(s), 0 left on base; Sylvania 2 - Milton 0
BOTTOM OF THE 1ST
Milton Bills batting - Pitching for Sylvania Maple Leaves : RHP Jim Unknown
Pitching: RHP Jim Unknown
Batting: LHB Lance Schiffer 0-0: Ball
1-0: Ball
2-0: Foul Ball, location: 2F
2-1: Swinging Strike
2-2: Ground out 3-1 (Groundball, 34)
Batting: RHB Steve McLeod 0-0: Called Strike
0-1: Ball
1-1: Ball
2-1: Called Strike
2-2: Ball
3-2: Fly out, F4 (Popup, 34)
Batting: LHB David Hunt 0-0: Foul Ball, location: 2F
0-1: Foul Ball, location: 2F
0-2: Ball
1-2: Foul Ball, location: 2F
1-2: Fly out, F2 (Popup, 2RF)
Bottom of the 1st over - 0 run(s), 0 hit(s), 0 error(s), 0 left on base; Sylvania 2 - Milton 0
TOP OF THE 2ND
Sylvania Maple Leaves batting - Pitching for Milton Bills : RHP Paul O'Callahan
Batting: LHB Jim Unknown 0-0: Ball
1-0: Ball
2-0: SOLO HOME RUN (Line Drive, 89XD), Distance : 441 ft
Batting: RHB Trevor Gardner 0-0: Ball
1-0: Ground out 1-3 (Groundball, 13S)
Batting: LHB Carl Pierce 0-0: Ball
1-0: Swinging Strike
1-1: Called Strike
1-2: DOUBLE (Line Drive, 9LM)
Batting: RHB José Valdéz 0-0: Ball
1-0: Swinging Strike
1-1: Reached on error, E5 (Groundball, 5L)
Carl Pierce to third
Batting: RHB Fernando Díaz 0-0: SINGLE (Line Drive, 89S)
Carl Pierce scores
José Valdéz to second
Batting: RHB Bartolo García 0-0: Foul Ball, location: 2F
0-1: Ball
1-1: Foul Ball, location: 2F
1-2: Ball
2-2: Fly out, F8 (Flyball, 8LXD)
Runner from 2nd tags up, SAFE at 3rd, no throw
Batting: RHB Nick McKnight 0-0: Called Strike
0-1: 3-RUN HOME RUN (Flyball, 78XD), Distance : 428 ft
Batting: LHB Iván Gonzáles 0-0: Ball
1-0: Called Strike
1-1: Called Strike
1-2: Ball
2-2: Ball
3-2: Base on Balls
Pitching: RHP Dexter Young
Batting: RHB Ingo van Ham 0-0: Foul Ball, location: 2F
0-1: Ball
1-1: Swinging Strike
1-2: Strikes out swinging
Top of the 2nd over - 5 run(s), 4 hit(s), 1 error(s), 1 left on base; Sylvania 7 - Milton 0
BOTTOM OF THE 2ND
Milton Bills batting - Pitching for Sylvania Maple Leaves : RHP Jim Unknown
Batting: RHB Shane Franklin 0-0: Ball
1-0: Ball
2-0: Ball
3-0: Base on Balls
Batting: LHB Johnny Hernández 0-0: Ball
1-0: Called Strike
1-1: Fly out, F4 (Popup, 4D)
Batting: RHB Alden Wiley 0-0: Ball
1-0: Ball
2-0: Called Strike
2-1: Ball
3-1: 2-RUN HOME RUN (Flyball, 7D), Distance : 391 ft
Batting: SHB Al Anderson 0-0: Called Strike
0-1: Ball
1-1: Swinging Strike
1-2: Fly out, F9 (Flyball, 89M)
Batting: RHB Luis Silva 0-0: Called Strike
0-1: Ball
1-1: Ground out 5-3 (Groundball, 56)
Bottom of the 2nd over - 2 run(s), 1 hit(s), 0 error(s), 0 left on base; Sylvania 7 - Milton 2
TOP OF THE 3RD
Sylvania Maple Leaves batting - Pitching for Milton Bills : RHP Dexter Young
Batting: LHB Jim Unknown 0-0: Called Strike
0-1: Ball
1-1: Ball
2-1: Ball
3-1: Base on Balls
Batting: RHB Trevor Gardner 0-0: Grounds out, U3 (Groundball, 3L)
Batting: LHB Carl Pierce 0-0: Ball
1-0: Ball
2-0: Ball
3-0: Base on Balls
Batting: RHB José Valdéz 0-0: Ball
1-0: Ground out 4-3 (Groundball, 4M)
Jim Unknown to third
Carl Pierce to second
Batting: RHB Fernando Díaz 0-0: Ball
1-0: Ball
2-0: Ground out U3 (Groundball, 3L)
Top of the 3rd over - 0 run(s), 0 hit(s), 0 error(s), 2 left on base; Sylvania 7 - Milton 2
BOTTOM OF THE 3RD
Milton Bills batting - Pitching for Sylvania Maple Leaves : RHP Jim Unknown
Batting: RHB Ken Thompson 0-0: Ball
1-0: Called Strike
1-1: Ball
2-1: Swinging Strike
2-2: Ball
3-2: Foul Ball, location: 2F
3-2: SINGLE (Groundball, 56D)
Batting: LHB Lance Schiffer 0-0: Fly out, F9 (Flyball, 89S)
Batting: RHB Steve McLeod 0-0: Called Strike
0-1: Ball
1-1: Foul Ball, location: 2F
1-2: Foul Ball, location: 2F
1-2: Ball
2-2: Grounds into double play, U6-3 (Groundball, 6M)
Bottom of the 3rd over - 0 run(s), 1 hit(s), 0 error(s), 0 left on base; Sylvania 7 - Milton 2
TOP OF THE 4TH
Sylvania Maple Leaves batting - Pitching for Milton Bills : RHP Dexter Young
Batting: RHB Bartolo García 0-0: Ball
1-0: Ground out 1-3 (Groundball, 25)
Batting: RHB Nick McKnight 0-0: Ball
1-0: SINGLE (Flyball, 7S)
Batting: LHB Iván Gonzáles 0-0: Called Strike
0-1: Called Strike
0-2: Ball
1-2: Ball
2-2: Strikes out swinging
Batting: RHB Ingo van Ham 0-0: Ball
1-0: Ball
2-0: Ball
3-0: Called Strike
3-1: Base on Balls
Nick McKnight to second
Batting: LHB Jim Unknown 0-0: Called Strike
0-1: Called Strike
0-2: Ball
1-2: Foul Ball, location: 2F
1-2: Foul Ball, location: 2F
1-2: Foul Ball, location: 2F
1-2: Ball
2-2: Fly out, F8 (Flyball, 8LS)
Top of the 4th over - 0 run(s), 1 hit(s), 0 error(s), 2 left on base; Sylvania 7 - Milton 2
BOTTOM OF THE 4TH
Milton Bills batting - Pitching for Sylvania Maple Leaves : RHP Jim Unknown
Batting: LHB David Hunt 0-0: Fly out, F6 (Popup, 8LS)
Batting: RHB Shane Franklin 0-0: Ball
1-0: SINGLE (Line Drive, 6M)
Batting: LHB Johnny Hernández 0-0: Called Strike
0-1: Called Strike
0-2: Strikes out swinging
Batting: RHB Alden Wiley 0-0: Ball
1-0: Fly out, F2 (Popup, 5SF)
Bottom of the 4th over - 0 run(s), 1 hit(s), 0 error(s), 1 left on base; Sylvania 7 - Milton 2
TOP OF THE 5TH
Sylvania Maple Leaves batting - Pitching for Milton Bills : RHP Dexter Young
Batting: RHB Trevor Gardner 0-0: Ball
1-0: Ball
2-0: Foul Ball, location: 2F
2-1: Ball
3-1: Ground out 6-3 (Groundball, 6M)
Batting: LHB Carl Pierce 0-0: Called Strike
0-1: Ball
1-1: Called Strike
1-2: Strikes out looking
Batting: RHB José Valdéz 0-0: Foul Ball, location: 2F
0-1: Fly out, F9 (Flyball, 9M)
Top of the 5th over - 0 run(s), 0 hit(s), 0 error(s), 0 left on base; Sylvania 7 - Milton 2
BOTTOM OF THE 5TH
Milton Bills batting - Pitching for Sylvania Maple Leaves : RHP Jim Unknown
Batting: SHB Al Anderson 0-0: Swinging Strike
0-1: Foul Ball, location: 2F
0-2: Foul Ball, location: 2F
0-2: Strikes out looking
Batting: RHB Luis Silva 0-0: Ball
1-0: Called Strike
1-1: SINGLE (Groundball, 56D)
Batting: RHB Ken Thompson 0-0: Called Strike
0-1: Ground out 3-1 (Groundball, 34S)
Luis Silva to second
Batting: LHB Lance Schiffer 0-0: Ball
1-0: SINGLE (Line Drive, 6)
Luis Silva to third
Runner from 3rd tries for Home, SAFE, no throw or cutoff
Batting: RHB Steve McLeod 0-0: Called Strike
Lance Schiffer steals 2nd base
0-1: Ball
1-1: Ball
2-1: Fly out, F8 (Flyball, 89M)
Bottom of the 5th over - 1 run(s), 2 hit(s), 0 error(s), 1 left on base; Sylvania 7 - Milton 3
TOP OF THE 6TH
Sylvania Maple Leaves batting - Pitching for Milton Bills : RHP Dexter Young
Batting: RHB Fernando Díaz 0-0: Called Strike
0-1: Swinging Strike
0-2: Foul Ball, location: 2F
0-2: Strikes out swinging
Batting: RHB Bartolo García 0-0: Called Strike
0-1: Ball
1-1: Foul Ball, location: 2F
1-2: Strikes out swinging
Batting: RHB Nick McKnight 0-0: Ball
1-0: Ball
2-0: Called Strike
2-1: Ball
3-1: Base on Balls
Batting: LHB Iván Gonzáles 0-0: SINGLE (Flyball, 8LS)
Nick McKnight to second
Batting: RHB Ingo van Ham 0-0: Called Strike
0-1: Ball
1-1: Foul Ball, location: 2F
1-2: Ball
2-2: Ball
3-2: Base on Balls
Nick McKnight to third
Iván Gonzáles to second
Batting: LHB Jim Unknown 0-0: Called Strike
0-1: Ball
1-1: SINGLE (Groundball, 5D)
Nick McKnight scores
Iván Gonzáles to third
Ingo van Ham to second
Runner from 3rd tries for Home, SAFE, throw made at trailing runner, OUT at third!
Top of the 6th over - 2 run(s), 2 hit(s), 0 error(s), 1 left on base; Sylvania 9 - Milton 3
BOTTOM OF THE 6TH
Milton Bills batting - Pitching for Sylvania Maple Leaves : RHP Jim Unknown
Batting: LHB David Hunt 0-0: Fly out, F9 (Flyball, 89D)
Batting: RHB Shane Franklin 0-0: Called Strike
0-1: Ball
1-1: Ball
2-1: Fly out, F9 (Popup, 9LS)
Batting: LHB Johnny Hernández 0-0: Ball
1-0: Swinging Strike
1-1: Ball
2-1: Foul Ball, location: 2F
2-2: Foul Ball, location: 2F
2-2: Foul Ball, location: 2F
2-2: Ball
3-2: Strikes out looking
Bottom of the 6th over - 0 run(s), 0 hit(s), 0 error(s), 0 left on base; Sylvania 9 - Milton 3
TOP OF THE 7TH
Sylvania Maple Leaves batting - Pitching for Milton Bills : RHP Dexter Young
Pitching: LHP Morris Nicholson
Batting: RHB Trevor Gardner 0-0: Ball
1-0: Foul Ball, location: 2F
1-1: Ball
2-1: Foul Ball, location: 2F
2-2: DOUBLE (Flyball, 7LM)
Batting: LHB Carl Pierce 0-0: Ball
1-0: Called Strike
1-1: Ball
2-1: Foul Ball, location: 2F
2-2: Foul Ball, location: 2F
2-2: Foul Ball, location: 2F
2-2: Strikes out looking
Batting: RHB José Valdéz 0-0: Ball
1-0: SINGLE (Flyball, 8LS)
Trevor Gardner to third
Runner from 3rd tries for Home, SAFE, throw made home
Batting: RHB Fernando Díaz 0-0: Ball
1-0: Foul Ball, location: 2F
1-1: SINGLE (Groundball, 6M)
José Valdéz to second
Batting: RHB Bartolo García 0-0: Called Strike
0-1: Called Strike
0-2: Ball
1-2: Foul Ball, location: 2F
1-2: Ball
2-2: Grounds into double play, 1-6-3 (Groundball, 15)
Top of the 7th over - 1 run(s), 3 hit(s), 0 error(s), 1 left on base; Sylvania 10 - Milton 3
BOTTOM OF THE 7TH
Milton Bills batting - Pitching for Sylvania Maple Leaves : RHP Jim Unknown
Batting: RHB Alden Wiley 0-0: Ball
1-0: Bunt missed!
1-1: Ball
2-1: Ball
3-1: Base on Balls
Batting: SHB Al Anderson 0-0: Ball
1-0: Called Strike
1-1: Foul Ball, location: 2F
1-2: Ground out 3-1 (Groundball, 34)
Alden Wiley to second
Batting: RHB Luis Silva 0-0: Ball
1-0: Ball
2-0: SINGLE (Flyball, 8LS)
Alden Wiley to third
Runner from 3rd tries for Home, SAFE, no throw or cutoff
Batting: RHB Ken Thompson 0-0: Called Strike
0-1: Ball
1-1: Swinging Strike
1-2: Ball
2-2: Ball
3-2: Foul Ball, location: 2F
3-2: Fly out, F9 (Flyball, 89M)
Batting: LHB Lance Schiffer 0-0: Ball
1-0: Ball
2-0: Called Strike
2-1: Fly out, F9 (Flyball, 89M)
Bottom of the 7th over - 1 run(s), 1 hit(s), 0 error(s), 1 left on base; Sylvania 10 - Milton 4
TOP OF THE 8TH
Sylvania Maple Leaves batting - Pitching for Milton Bills : LHP Morris Nicholson
Batting: RHB Nick McKnight 0-0: Ball
1-0: SINGLE (Groundball, 6D)
Batting: LHB Iván Gonzáles 0-0: Foul Ball, location: 2F
0-1: Grounds into double play, 6-4-3 (Groundball, 6)
Batting: RHB Ingo van Ham 0-0: Foul Ball, location: 2F
0-1: Ball
1-1: Ball
2-1: Called Strike
2-2: Ball
3-2: Base on Balls
Batting: LHB Jim Unknown 0-0: Called Strike
0-1: Ball
1-1: Swinging Strike
1-2: Strikes out swinging
Top of the 8th over - 0 run(s), 1 hit(s), 0 error(s), 1 left on base; Sylvania 10 - Milton 4
BOTTOM OF THE 8TH
Milton Bills batting - Pitching for Sylvania Maple Leaves : RHP Jim Unknown
Pitching: RHP Abel Blok
Batting: RHB Steve McLeod 0-0: Ball
1-0: Ball
2-0: Called Strike
2-1: Fly out, F6 (Popup, 6MD)
Batting: LHB David Hunt 0-0: Called Strike
0-1: Foul Ball, location: 2F
0-2: Foul Ball, location: 2F
0-2: Foul Ball, location: 2F
0-2: Ball
1-2: Ball
2-2: Ball
3-2: Foul Ball, location: 2F
3-2: Strikes out swinging
Batting: RHB Shane Franklin 0-0: Ball
1-0: Ball
2-0: Foul Ball, location: 2F
2-1: Foul Ball, location: 2F
2-2: Foul Ball, location: 2F
2-2: Foul Ball, location: 2F
2-2: SINGLE (Line Drive, 56)
Batting: LHB Johnny Hernández 0-0: Called Strike
0-1: Fly out, F2 (Popup, 25F)
Bottom of the 8th over - 0 run(s), 1 hit(s), 0 error(s), 1 left on base; Sylvania 10 - Milton 4
TOP OF THE 9TH
Sylvania Maple Leaves batting - Pitching for Milton Bills : LHP Morris Nicholson
Batting: RHB Trevor Gardner 0-0: Ball
1-0: Called Strike
1-1: Ball
2-1: SINGLE (Groundball, 56D)
Batting: LHB Carl Pierce 0-0: Ball
1-0: Called Strike
1-1: Ball
2-1: Swinging Strike
2-2: Strikes out swinging
Batting: RHB José Valdéz 0-0: Ball
1-0: Ball
2-0: SINGLE (Line Drive, 3)
Trevor Gardner to second
Runner from 2nd tries for 3rd, SAFE, throw made to third
Batting: RHB Fernando Díaz 0-0: Ball
1-0: Ball
2-0: Ball
3-0: Base on Balls
José Valdéz to second
Batting: RHB Bartolo García 0-0: Grounds into double play, 5-4-3 (Groundball, 56)
Top of the 9th over - 0 run(s), 2 hit(s), 0 error(s), 2 left on base; Sylvania 10 - Milton 4
BOTTOM OF THE 9TH
Milton Bills batting - Pitching for Sylvania Maple Leaves : RHP Abel Blok
Batting: RHB Alden Wiley 0-0: Ball
1-0: Bunt for hit - play at first, batter OUT! 1-3
Batting: SHB Al Anderson 0-0: Ball
1-0: Foul Ball, location: 2F
1-1: Swinging Strike
1-2: Ball
2-2: Ball
3-2: Strikes out looking
Batting: RHB Luis Silva 0-0: SINGLE (Groundball, 4MD)
Batting: RHB Ken Thompson 0-0: Ball
1-0: Called Strike
1-1: Fielders Choice at 2nd, 5-4 (Groundball, 56)
Bottom of the 9th over - 0 run(s), 1 hit(s), 0 error(s), 0 left on base; Sylvania 10 - Milton 4
This league is powered by Out of the Park Baseball, the baseball management simulation game for PC, Mac and Linux
Monday, May 4th, 2015 - OOTP Baseball 15.6 Build 34